cohdb
Replays
Latest Replays
All Replays
Popular Replays
Top Player Replays
Match Explorer
How It Works
Community
CoH3 Stats
Reddit
Sign in to upload your games and track your stats! →
Sign in with Steam
Match 42779440
Unlisted
Match 42779440
Overview
Messages
Build Orders
End
Vickers Machine Gun Team
Construct Section Command Post
Selects Canadian Shock Battlegroup
Infantry Section
Infantry Section
Construct Platoon Command Post
Grenade Package
Selects Attacking Spirit
Selects Canadian Shock Section
Canadian Shock Section
Selects Incendiary Munitions
Unlock Bishop Self-propelled Artillery
Bishop Self-propelled Artillery
Bishop Self-propelled Artillery
Selects Pyrotechnics
Infantry Training
CMP 15cwt Truck
Construct Company Command Post
Crusader II Medium Tank
RisingSun
Secret Chicken
lolultra
BaTroNN
Metalharl
RommelF
^3
Africanoblanco
0
0
Comments
sign in to comment!
No comments posted yet!